 Dungeon Crawl Stone Soup version bcrawl-1.19.2-6-g6a88ae04c9 (webtiles) character file.

Game seed: 14010900840164468585

99215 Mrkan the Bludgeoner (level 15, -1/141 HPs)
             Began as a Minotaur Berserker on Jan 1, 2020.
             Was a High Priest of Trog.
             Engulfed by a swamp dragon's poison gas (4 damage)
             ... on level 3 of the Swamp.
             The game lasted 00:49:56 (28796 turns).

Mrkan the Bludgeoner (Minotaur Berserker)          Turns: 28796, Time: 00:49:57

Health: -1/141     AC: 28    Str: 24    XL:     15   Next: 77%
Magic:  4/4        EV: 13    Int:  6    God:    Trog [*****.]
Gold:   1053       SH:  0    Dex: 12    Spells: 14/14 levels left

rFire    . . .     SeeInvis .   M - +2 eveningstar (antimagic)
rCold    . . .     Gourm    .   o - +0 shield
rNeg     . . .     Faith    .   U - +0 plate armour
rPois    .         Spirit   .   m - +2 hat
rElec    .         Reflect  +   C - +2 cloak
rCorr    .         Harm     .   w - +1 pair of gloves {archery}
MR       ++++.                  (no boots)
Stlth    ..........             j - +3 amulet of reflection
HPRegen  1.33/turn              f - +3 ring of protection
MPRegen  0.09/turn              H - ring of protection from magic

@: confused, lethally poisoned (-1 -> -31), very slightly contaminated,
starving, regenerating, invisible, very slow
A: retaliatory headbutt, horns 2
a: Berserk, Trog's Hand, Brothers in Arms, Renounce Religion


You were on level 3 of the Swamp.
You worshipped Trog.
Trog was extremely pleased with you.
You were starving.

You visited 4 branches of the dungeon, and saw 22 of its levels.

You collected 1921 gold pieces.
You spent 868 gold pieces at shops.

Inventory:

Hand Weapons
 v - the +5 whip of Duty {venom, Str+4}
   (You found it on level 4 of the Dungeon)

   It poisons the flesh of those it strikes.
   It affects your strength (+4).
 J - a +4 morningstar of protection
 M - a +2 antimagic eveningstar (weapon)
Missiles
 u - 5 throwing nets (quivered) {!f}
Armour
 m - a +2 hat (worn)
 o - a +0 shield (worn)
 w - a +1 pair of gloves of archery (worn)
 C - a +2 cloak (worn)
 U - a +0 plate armour (worn)
Jewellery
 f - a +3 ring of protection (left hand)
 j - a +3 amulet of reflection (around neck)
 s - a +3 ring of dexterity
 H - a ring of protection from magic (right hand)
 R - an uncursed ring of see invisible {unknown}
Wands
 r - a wand of digging (26)
 y - a wand of scattershot (4)
 F - a wand of acid (5)
 K - a wand of paralysis (4)
 L - a wand of iceblast (34)
Scrolls
 b - 8 scrolls of enchant armour
 d - 10 scrolls of teleportation
 n - 10 scrolls of remove curse
 q - 5 scrolls of enchant weapon
 z - a scroll of fear
 A - 8 scrolls of identify
 E - a scroll of fog
 G - a scroll of blinking
 O - a scroll of summoning
 Q - 4 scrolls of immolation
 T - 2 scrolls of vulnerability
Potions
 a - 3 potions of magic
 e - a potion of invisibility
 h - 6 potions of brilliance
 i - 7 potions of lignification
 k - a potion of cancellation
 l - 3 potions of flight
 p - 3 potions of resistance
 t - 2 potions of mutation
 x - a potion of agility
 D - 2 potions of haste
 I - a potion of berserk rage
 P - 2 potions of might {unknown}
Miscellaneous
 N - a lightning rod (4/4)
Comestibles
 c - 32 rations {!d}


   Skills:
 + Level 15.2 Fighting
   Level 7.2(12.9) Axes
 + Level 16.4(16.9) Maces & Flails
 + Level 15.0 Armour
 + Level 12.2 Dodging
 * Level 13.7 Shields


You had 14 spell levels left.
You didn't know any spells.
Your spell library was empty.

Dungeon Overview and Level Annotations

Branches:
Dungeon (12/12)            Temple (0/1) D:7            Lair (6/6) D:9
  Swamp (3/3) Lair:2        Snake (0/3) Lair:4        Slime (0/5) Lair:6
    Orc (1/1) D:10            Elf (0/3) Orc          Vaults (0/3) D:11
 Depths (0/5) D:12

Altars:
Cheibriados
Makhleb
Wu Jian
Jiyva

Shops:
D:4 (   D:7 *   D:10 (   Orc [[**

Annotations:
D:9 2 transporters, Goboxel's ghost, journeyman HuAc
D:11 3 runed translucent doors, Gall2222's ghost, journeyman HOAc
Lair:4 exclusion: oklob plant


Innate Abilities, Weirdness & Mutations

You reflexively headbutt those who attack you in melee.
You have a pair of horns on your head.


Message History

Are you sure you want to stumble around while confused and next to your deep troll? [Y]es or [N]o only, please.
Are you sure you want to stumble around while confused and next to your deep troll?
Okay, then.
You are engulfed in poison gas.
You are more poisoned.
* * * LOW HITPOINT WARNING * * *
x2 You feel very sick.
Your deep troll is engulfed in poison gas.
Your deep troll looks more poisoned.
Your deep troll dies!
Your deep troll's corpse disappears in a puff of smoke!
The bog body hits you but does no damage.
The bog body misses you.
Your plate armour prevents you from hitting the bog body.
You headbutt the bog body, but do no damage.
The bog body is severely damaged.
You are engulfed in poison gas.
You are more poisoned.
You die...

≈ ♣≈.≈§...≈≈≈≈ ♣.§≈≈≈≈≈≈≈.
♣♣..♣≈...≈≈≈ ♣.≈≈≈≈≈≈≈.♣
♣♣♣♣♣≈..≈.≈ ♣♣≈≈≈≈≈≈≈.♣
♣♣♣..≈≈≈♣♣≈ ♣.≈≈≈.≈≈.≈♣
♣..≈≈.≈♣♣≈.
♣♣..≈≈.≈≈.≈♣♣♣♣♣.≈≈≈.≈♣♣..
.###♣..§.°.≈≈≈§≈.≈♣..≈≈≈..♣♣♣.
.≈.....≈D≈°≈°≈.......≈≈≈...♣..
♣..≈≈.≈♣♣..°n@§...≈≈.≈≈≈.♣≈≈..
.D...%.≈D°..○§○.≈.♣♣♣♣≈≈≈♣♣♣♣♣
###♣.≈.††.§○§≈≈≈≈.♣♣♣♣♣♣♣ ♣
♣♣.♣♣♣♣..≈≈≈≈≈≈.♣♣ ♣ ♣♣
♣♣.≈≈≈≈≈≈≈.≈♣ ♣ ♣≈§.≈≈≈....♣♣
♣♣♣♣..≈....♣ ♣.≈≈≈♣.....♣
♣♣♣...≈♣♣≈♣≈.♣ ♣♣♣♣♣


You could see 2 swamp dragons and a bog body.

Vanquished Creatures
  A frost giant (D:11)
  A dire elephant (D:12)
  Snorg (D:11)
  An ettin (Orc)
  Harold (D:11)
  14 hydras
  2 catoblepae
  A vault guard (D:11)
  2 centaur warriors
  2 two-headed ogres
  A tengu warrior (D:11)
  10 alligators
  5 death yaks (Lair:6)
  A deep troll shaman (Lair:6)
  Nergalle (Lair:2)
  A spriggan druid (Swamp:2)
  2 swamp dragons
  A death drake (Swamp:2)
  3 cyclopes
  A wolf spider zombie (D:11)
  A lindwurm (Lair:6)
  3 orc knights
  A wolf spider (Lair:6)
  A deep elf mage (D:11)
  A manticore (D:12)
  3 ugly things
  A salamander (D:12)
  A centaur zombie (D:11)
  A black mamba (shapeshifter) (D:11)
  6 black mambas
  Joseph (D:7)
  16 elephants
  A gargoyle (D:10)
  A torpor snail (Lair:4)
  A rime drake (Lair:3)
  16 cane toads
  A yaktaur (D:11)
  4 komodo dragons
  10 trolls
  A polar bear (Lair:6)
  18 slime creatures
  3 hornets
  36 blink frogs
  7 tyrant leeches
  4 bog bodies
  5 hippogriffs
  A meliai zombie (D:9)
  A spriggan (Swamp:3)
  Sigmund (D:4)
  A centaur simulacrum (D:11)
  47 yaks
  A shadow (D:11)
  A vampire (D:11)
  3 wyverns
  3 wraiths
  3 hungry ghosts
  2 vampire mosquitoes (Swamp:2)
  10 basilisks
  A steam dragon (D:12)
  12 crocodiles
  14 swamp worms
  2 acid dragons
  9 water moccasins
  3 soldier ants (D:8)
  14 porcupines
  5 swamp drakes
  6 black bears
  24 orc warriors
  A sky beast (D:8)
  An eye of draining (D:9)
  3 ogres
  3 phantoms
  3 boggarts
  13 wolves
  6 centaurs
  A big kobold (D:6)
  Blork the orc (D:4)
  13 bullfrogs
  3 scorpions
  7 killer bees
  6 wights
  An electric eel (Lair:2)
  2 howler monkeys (D:12)
  3 crimson imps
  A bullfrog zombie (D:8)
  A quasit (D:7)
  2 hounds
  Crazy Yiuf (D:2)
  7 orc priests
  6 centaur skeletons
  5 jellies
  2 bullfrog skeletons (D:7)
  Jessica (D:2)
  6 iguanas
  Natasha (D:4)
  8 hell rats (Lair:1)
  12 worker ants
  8 orc wizards
  A killer bee zombie (D:6)
  A worker ant zombie (D:5)
  3 gnolls (D:5)
  10 adders
  13 river rats (Lair:1)
  3 shadow imps
  An ooze (D:1)
  3 adder skeletons
  6 worms
  2 dart slugs
  6 leopard geckos
  42 orcs
  4 bats
  2 giant cockroaches
  7 hobgoblins
  17 jackals
  7 quokkas
  5 ball pythons
  2 frilled lizards
  3 goblins
  10 kobolds
  A leopard gecko zombie (D:6)
  18 rats
  A butterfly (Lair:1)
  3 plants
659 creatures vanquished.

Vanquished Creatures (collateral kills)
  A hydra (Swamp:3)
  An alligator (Swamp:2)
  A shambling mangrove (Swamp:2)
  A swamp dragon (Swamp:3)
  4 hornets (Swamp:2)
  2 slime creatures (Swamp:2)
  2 spriggans (Swamp:2)
  A swamp drake (Swamp:2)
13 creatures vanquished.

Vanquished Creatures (others)
  A centaur warrior (Orc)
  A cyclops (D:10)
  A tyrant leech (Swamp:2)
  4 orc warriors (Orc)
  7 centaurs (Orc)
  An orc wizard (Orc)
  5 orcs (Orc)
  3 fungi
  2 plants
25 creatures vanquished.

Grand Total: 697 creatures vanquished

Notes
Turn   | Place    | Note
-------+----------+-------------------------------------------
     0 | D:1      | Mrkan the Minotaur Berserker began the quest for the Orb.
     0 | D:1      | Reached XP level 1. HP: 19/19 MP: 0/0
   203 | D:1      | Reached XP level 2. HP: 27/27 MP: 1/1
   659 | D:1      | Reached XP level 3. HP: 32/33 MP: 2/2
   756 | D:1      | Reached ** piety under Trog
  1129 | D:2      | Noticed Jessica
  1132 | D:2      | Killed Jessica
  1132 | D:2      | Reached XP level 4. HP: 40/40 MP: 3/3
  1417 | D:2      | Found a runed door.
  1421 | D:2      | Noticed Crazy Yiuf
  1428 | D:2      | Killed Crazy Yiuf
  1428 | D:2      | Reached skill level 5 in Axes
  1744 | D:3      | Reached XP level 5. HP: 47/47 MP: 4/4
  2461 | D:4      | Noticed Blork the orc
  2471 | D:4      | Killed Blork the orc
  2612 | D:4      | Reached XP level 6. HP: 53/55 MP: 5/5
  2683 | D:4      | Reached skill level 5 in Fighting
  2766 | D:4      | Noticed Sigmund
  2779 | D:4      | Killed Sigmund
  2839 | D:4      | Noticed Natasha
  2852 | D:4      | Killed Natasha
  2852 | D:4      | Reached XP level 7. HP: 20/61 MP: 6/6
  3217 | D:4      | Found Xounuxer's Weapon Boutique.
  3221 | D:4      | Reached *** piety under Trog
  3425 | D:4      | Got a bone whip
  3436 | D:4      | Identified the +5 whip of Duty {venom, Str+4} (You found it
                  | on level 4 of the Dungeon)
  3635 | D:5      | Entered Level 5 of the Dungeon
  3657 | D:5      | Reached skill level 5 in Armour
  3696 | D:5      | Reached skill level 1 in Maces & Flails
  4661 | D:6      | Noticed a centaur warrior
  4664 | D:6      | Reached skill level 2 in Maces & Flails
  4671 | D:6      | Killed a centaur warrior
  4671 | D:6      | Reached skill level 5 in Maces & Flails
  4671 | D:6      | Reached skill level 5 in Dodging
  4671 | D:6      | Reached XP level 8. HP: 28/71 MP: 7/7
  5284 | D:6      | Found an ornate altar of the Wu Jian Council.
  5479 | D:6      | Reached skill level 6 in Maces & Flails
  5479 | D:6      | Reached XP level 9. HP: 68/79 MP: 8/8
  6068 | D:7      | Reached **** piety under Trog
  6139 | D:7      | Found Immif's Assorted Antiques.
  6172 | D:7      | Found a burning altar of Makhleb.
  6173 | D:7      | Found a snail-covered altar of Cheibriados.
  6181 | D:7      | Noticed Joseph
  6185 | D:7      | Found a staircase to the Ecumenical Temple.
  6199 | D:7      | Killed Joseph
  6199 | D:7      | Reached skill level 7 in Maces & Flails
  6408 | D:7      | Reached skill level 8 in Maces & Flails
  6652 | D:8      | Noticed a troll
  6664 | D:8      | Killed a troll
  6746 | D:8      | Reached XP level 10. HP: 83/90 MP: 9/9
  7096 | D:8      | Reached skill level 9 in Maces & Flails
  7361 | D:9      | Found a transporter.
  7361 | D:9      | Noticed a four-headed hydra
  7361 | D:9      | Noticed Goboxel's ghost (journeyman HuAc)
  7370 | D:9      | Found a transporter.
  7377 | D:9      | Noticed a moth of wrath
  7418 | D:9      | Noticed an eight-headed hydra
  7430 | D:9      | Killed an eight-headed hydra
  7430 | D:9      | Reached skill level 10 in Maces & Flails
  7449 | D:9      | Reached ***** piety under Trog
  7786 | D:9      | Found a staircase to the Lair.
  7876 | D:9      | Reached skill level 11 in Maces & Flails
  7880 | D:9      | Reached XP level 11. HP: 84/99 MP: 10/10
  8100 | D:9      | Reached skill level 10 in Fighting
  8189 | D:9      | Noticed a red ugly thing
  8195 | D:9      | Killed a red ugly thing
  8200 | D:9      | Noticed a centaur warrior
  8227 | D:9      | Killed a centaur warrior
  8961 | Lair:1   | Entered Level 1 of the Lair of Beasts
  9095 | Lair:1   | Reached skill level 10 in Armour
  9123 | Lair:1   | Reached skill level 12 in Maces & Flails
  9476 | Lair:1   | Noticed a five-headed hydra
  9484 | Lair:1   | Killed a five-headed hydra
  9590 | Lair:1   | Received a gift from Trog
 10425 | Lair:2   | Reached skill level 13 in Maces & Flails
 10441 | Lair:2   | Reached XP level 12. HP: 106/110 MP: 11/11
 10445 | Lair:2   | Reached skill level 10 in Dodging
 11049 | Lair:2   | Noticed a catoblepas
 11064 | Lair:2   | Killed a catoblepas
 11236 | Lair:2   | Noticed Nergalle
 11303 | Lair:2   | Killed Nergalle
 11593 | Lair:2   | Received a gift from Trog
 11596 | Lair:2   | Found a staircase to the Swamp.
 12399 | Lair:3   | Reached skill level 14 in Maces & Flails
 12419 | Lair:3   | Noticed a seven-headed hydra
 12426 | Lair:3   | Killed a seven-headed hydra
 12733 | Lair:3   | Identified a scroll of acquirement
 13826 | Lair:4   | Found a staircase to the Snake Pit.
 13877 | Lair:4   | Reached XP level 13. HP: 118/118 MP: 4/12
 14359 | Lair:3   | Reached skill level 15 in Maces & Flails
 14492 | Lair:3   | HP: 4/178 [basilisk (11)]
 15289 | Lair:5   | Reached skill level 1 in Shields
 15629 | Lair:5   | Reached ****** piety under Trog
 15629 | Lair:5   | Received a gift from Trog
 16224 | Lair:6   | Entered Level 6 of the Lair of Beasts
 16507 | Lair:6   | Reached skill level 5 in Shields
 18017 | Lair:6   | Reached XP level 14. HP: 81/129 MP: 4/13
 18489 | Lair:6   | Received a gift from Trog
 18635 | Lair:6   | Found a viscous altar of Jiyva.
 18636 | Lair:6   | Found a staircase to the Slime Pits.
 19334 | D:10     | Entered Level 10 of the Dungeon
 19818 | D:9      | Reached skill level 10 in Shields
 19969 | D:10     | Found a staircase to the Orcish Mines.
 20649 | D:10     | Found Mimi's Weapon Emporium.
 21040 | D:11     | Noticed Snorg
 21047 | D:11     | Killed Snorg
 21334 | D:11     | Found a gate to the Vaults.
 21480 | D:11     | Received a gift from Trog
 21556 | D:11     | Found a runed translucent gate.
 21560 | D:11     | Found a runed translucent gate.
 21561 | D:11     | Found a runed translucent gate.
 21563 | D:11     | Noticed Gall2222's ghost (journeyman HOAc)
 21667 | D:11     | Found a runed door.
 21725 | D:11     | Noticed Harold
 21746 | D:11     | Killed Harold
 21770 | D:11     | Noticed a frost giant
 21781 | D:11     | Killed a frost giant
 22308 | Orc      | Entered the Orcish Mines
 22993 | Orc      | Found Pionu's General Store.
 22993 | Orc      | Found Arghunid's Antique Armour Emporium.
 22995 | Orc      | Found Hiulluod's Antique Armour Shoppe.
 22997 | Orc      | Found Zaleocke's General Store.
 23002 | Orc      | Bought a turquoise-encrusted plate armour for 868 gold
                  | pieces
 23009 | Orc      | Identified the cursed +1 plate armour "Xevuytz" {+Fly rC+
                  | MP-9 Int+2} (You bought it in a shop in the Orcish Mines)
 23621 | Orc      | Found a staircase to the Elven Halls.
 23650 | Orc      | Reached XP level 15. HP: 61/139 MP: 4/14
 24181 | D:12     | Entered Level 12 of the Dungeon
 24227 | D:12     | Got a fine halberd
 24441 | D:12     | Found a staircase to the Depths.
 24457 | D:12     | Received a gift from Trog
 25329 | Swamp:1  | Entered Level 1 of the Swamp
 25693 | Swamp:1  | Reached skill level 16 in Maces & Flails
 27168 | Swamp:2  | Reached skill level 15 in Fighting
 27622 | Swamp:2  | Received a gift from Trog
 27891 | Swamp:2  | Identified the +8 halberd "Heti" {chop, rF+} (You found it
                  | on level 12 of the Dungeon)
 27928 | Swamp:3  | Entered Level 3 of the Swamp
 28756 | Swamp:3  | Reached skill level 15 in Armour
 28791 | Swamp:3  | HP: 7/141 [poisoned by a swamp dragon (poison gas)]
 28792 | Swamp:3  | HP: 2/141 [poisoned by a swamp dragon (poison gas)]
 28796 | Swamp:3  | Engulfed by a swamp dragon's poison gas

Skill      XL: |  1  2  3  4  5  6  7  8  9 10 11 12 13 14 15 |
---------------+----------------------------------------------+-----
Axes           | 4 5 6 7 |  7.2
Fighting       | 4 5 6 7 8 9 11 12 13 14 15 | 15.2
Armour         | 3 4 6 8 9 10 11 13 14 15 | 15.0
Dodging        | 3 4 5 6 7 8 9 11 12 | 12.2
Maces & Flails | 5 6 8 11 13 14 15 16 | 16.4
Shields        | 8 12 13 | 13.7

Action                   |  1- 3 |  4- 6 |  7- 9 | 10-12 | 13-15 || total
-------------------------+-------+-------+-------+-------+-------++-------
Melee: Hand axe          |    73 |    60 |       |       |       ||   133
       Headbutt          |     9 |    10 |    59 |   208 |   322 ||   608
       War axe           |       |    35 |    21 |       |       ||    56
       Whip              |       |       |   204 |   622 |       ||   826
       Great mace        |       |       |       |    96 |    44 ||   140
       Eveningstar       |       |       |       |       |  1254 ||  1254
Invok: Berserk           |       |       |       |     1 |     2 ||     3
       Trog's Hand       |       |       |       |       |     2 ||     2
       Brothers in Arms  |       |       |       |       |     2 ||     2
  Use: Scroll            |       |     4 |     8 |     9 |    13 ||    34
       Potion            |       |       |       |       |    10 ||    10
 Stab: Petrified         |       |       |       |       |     6 ||     6
       Petrifying        |       |       |       |       |     2 ||     2
       Distracted        |       |       |       |       |     1 ||     1
  Eat: Chunk             |     1 |     5 |    10 |    24 |    40 ||    80
       Ration            |       |       |     1 |       |     3 ||     4
Armor: Ring mail         |    28 |    11 |       |       |       ||    39
       Animal skin       |     2 |       |       |       |       ||     2
       Scale mail        |       |    23 |     1 |       |       ||    24
       Chain mail        |       |       |    96 |   198 |       ||   294
       Plate armour      |       |       |       |    33 |   797 ||   830
Dodge: Dodged            |    49 |    54 |   133 |   315 |   565 ||  1116
Block: Other             |       |       |    18 |    55 |     6 ||    79
       Reflection        |       |       |       |     1 |    80 ||    81
       Buckler           |       |       |       |       |   220 ||   220
       Shield            |       |       |       |       |   644 ||   644
